 Dungeon Crawl Stone Soup version 0.29.1-4-g47bece8355 (webtiles) character file.

Game seed: 3545778326574699487

13 ChadusMaximus the Caller (level 2, -2/15 HPs)
             Began as a Deep Elf Summoner on Dec 3, 2022.
             Slain by a kobold
             ... wielding a +0 short sword
              (3 damage)
             ... on level 1 of the Dungeon.
             The game lasted 00:01:19 (978 turns).

ChadusMaximus the Caller (Deep Elf Summoner)         Turns: 978, Time: 00:01:19

Health: -2/15      AC:  3    Str:  5    XL:     2   Next: 24%
Magic:  5/8        EV: 12    Int: 19    God:
Gold:   51         SH:  0    Dex: 15    Spells: 6/7 levels left

rFire   . . .      SeeInvis .   (no weapon)
rCold   . . .      Faith    .   (no shield)
rNeg    . . .      Spirit   .   f - +0 leather armour
rPois   .          Reflect  .   (no helmet)
rElec   .          Harm     .   (no cloak)
rCorr   .          Rampage  .   (no gloves)
Will    .....                   (no boots)
Stlth   ++........              (no amulet)
HPRegen 0.05/turn               (no ring)
MPRegen 0.11/turn               (no ring)

@: no status effects
A: no striking features
a: no special abilities


You were on level 1 of the Dungeon.
You visited 1 branch of the dungeon, and saw 1 of its levels.

You collected 51 gold pieces.

Inventory:

Armour
 a - a +0 robe
 f - a +0 leather armour (worn)
Scrolls
 d - 2 scrolls of teleportation {unknown}
 e - a scroll of butterflies {unknown}
Potions
 b - a potion of magic
 c - a potion of brilliance {unknown}


   Skills:
 + Level 2.7 Dodging
 + Level 2.8 Stealth
 + Level 3.3 Spellcasting
 + Level 4.5 Summonings


You had 6 spell levels left.
You knew the following spells:

 Your Spells              Type           Power      Damage    Failure   Level
a - Summon Small Mammal   Summ           80%        N/A       3%          1

Your spell library contained the following spells:

 Spells                   Type           Power      Damage    Failure   Level
 Call Imp                 Summ           20%        N/A       6%          2
 Call Canine Familiar     Summ           20%        N/A       12%         3
 Summon Guardian Golem    Hex/Summ       11%        N/A       28%         3
 Summon Lightning Spire   Summ/Air       11%        N/A       67%         4


Dungeon Overview and Level Annotations

Branches:
Dungeon (1/15)

Altars:


Message History

The hobgoblin closely misses your rat. The kobold closely misses your rat.
Your rat closely misses the kobold.
Your quokka completely misses the hobgoblin.
The hobgoblin hits your rat.
Your rat dies!
Your rat's corpse disappears in a puff of smoke!
Your quokka closely misses the hobgoblin.
The kobold barely misses you. The hobgoblin misses your quokka.
Your quokka misses the hobgoblin.
The kobold hits you with a +0 short sword.
The hobgoblin barely misses your quokka.
Your quokka barely misses the hobgoblin.
The kobold hits you but does no damage.
Your quokka bites the hobgoblin.
The hobgoblin hits your quokka.
Your quokka closely misses the hobgoblin.
The kobold barely misses you.
The hobgoblin closely misses your quokka.
Your quokka bites the hobgoblin but does no damage.
The kobold hits you with a +0 short sword.
The hobgoblin hits your quokka.
Your quokka dies!
Your quokka's corpse disappears in a puff of smoke!
The kobold hits you with a +0 short sword.
The kobold hits you but does no damage. The hobgoblin hits you.
The kobold hits you with a +0 short sword.
* * * LOW HITPOINT WARNING * * *
The hobgoblin hits you.
* * * LOW HITPOINT WARNING * * *
Casting: Summon Small Mammal (safe; 3% risk of failure)
Confirm with . or Enter, or press ? or * to list all spells.
The kobold hits you but does no damage.
The hobgoblin hits you but does no damage.
Your quokka barely misses the hobgoblin.
There is an open door here.
Casting: Summon Small Mammal (safe; 3% risk of failure)
Confirm with . or Enter, or press ? or * to list all spells.
Your quokka bites the hobgoblin.
The hobgoblin dies!
The kobold hits you with a +0 short sword.
You die...

..........#######
###
..........#.....#
#>#####
.....†....#.....##
#....<#
..........'......#
#.#####
.........r#......#
#####'#####
..........#......#
#..........
..........######.#
#..........
..........# #.#
#..........
########### #@#
#..........
#######K###
#..........
.......†r.#
#..........
......r...#
###########
..........# #...
..........# #...
..........# #...
..........# #...
...$......# #...


You could see a kobold, a friendly quokka (summoned) and a friendly rat
(summoned).

Vanquished Creatures
  A frilled lizard (D:1)
  A rat (D:1)
2 creatures vanquished.

Vanquished Creatures (collateral kills)
  3 bats (D:1)
  A giant cockroach (D:1)
  A goblin (D:1)
  3 hobgoblins (D:1)
  A quokka (D:1)
  2 kobolds (D:1)
11 creatures vanquished.

Grand Total: 13 creatures vanquished

Notes
Turn   | Place    | Note
-------+----------+-------------------------------------------
     0 | D:1      | ChadusMaximus the Deep Elf Summoner began the quest for the
                  | Orb.
     0 | D:1      | Reached XP level 1. HP: 10/10 MP: 6/6
   820 | D:1      | Reached XP level 2. HP: 15/15 MP: 6/8
   978 | D:1      | Slain by a kobold

Illustrated notes

Levels and vault maps discovered:
D:1:      amcnicky_arrival_choice, layout_basic,
          hellmonk_ecumenical_altar_arch_garden, minmay_misc_feat_nine_boxes,
          hangedman_glass_teeth

Action                   || total
-------------------------++-------
Melee: Unarmed           ||     9
 Cast: Summon Small Mamm ||    26
Armor: Robe              ||     6
       Leather armour    ||     4
Dodge: Dodged            ||    31
